 Dungeon Crawl Stone Soup version 0.20.1-1-g8b1a95d (webtiles) character file.

102 ANON1729 the Conjurer (level 4, -3/24 HPs)
             Began as a Tengu Conjurer on July 27, 2017.
             Slain by Grinder (10 damage)
             ... on level 3 of the Dungeon.
             The game lasted 00:13:30 (2789 turns).

ANON1729 the Conjurer (Tengu Conjurer)              Turns: 2789, Time: 00:13:31

Health: -3/24      AC:  2    Str:  9    XL:     4   Next: 77%
Magic:  5/10       EV: 13    Int: 16    God:
Gold:   93         SH:  0    Dex: 16    Spells: 2/9 levels left

rFire    + . .     SeeInvis .   o - +0 whip
rCold    + + .     Gourm    .   (no shield)
rNeg     . . .     Faith    .   a - +0 robe
rPois    .         Spirit   .   (helmet restricted)
rElec    .         Reflect  .   l - scarf {rC+ rF+}
rCorr    .         Harm     .   (no gloves)
MR       .....                  (boots unavailable)
Stlth    ++........             (no amulet)
Regen    0.1/turn               (no ring)
MPRegen  0.2/turn               (no ring)

@: no status effects
A: beak, talons 3, agile 1, cold resistance 1
a: no special abilities


You were on level 3 of the Dungeon.
You were near starving.

You visited 1 branch of the dungeon, and saw 3 of its levels.

You collected 93 gold pieces.

Inventory:

Hand Weapons
 o - a +0 whip (weapon)
 p - a cursed +0 short sword
Armour
 a - a +0 robe (worn)
 l - a scarf of resistance (worn)
Jewellery
 k - an uncursed ring of ice
Scrolls
 e - a scroll of recharging {unknown}
 f - 3 scrolls of amnesia {unknown}
 g - 3 scrolls of identify {unknown}
 h - 2 scrolls of remove curse
 i - 3 scrolls of teleportation
 m - a scroll of magic mapping {unknown}
 n - a scroll of enchant weapon {unknown}
 s - a scroll of blinking {unknown}
Potions
 r - 2 potions of haste
Books
 b - a book of Conjurations

   Spells                             Type                      Level
   a - Magic Dart                     Conjuration                  1
   b - Searing Ray                    Conjuration                  2
   c - Dazzling Spray                 Conjuration/Hexes            3
   d - Fulminant Prism                Conjuration/Hexes            4
   e - Force Lance                    Conjuration/Translocation    4
   f - Iskenderun's Mystic Blast      Conjuration                  4
 t - a book of Minor Magic

   Spells                             Type                      Level
   a - Magic Dart                     Conjuration                  1
   b - Blink                          Translocation                2
   c - Call Imp                       Summoning                    2
   d - Slow                           Hexes                        2
   e - Conjure Flame                  Conjuration/Fire             3
   f - Mephitic Cloud                 Conjuration/Poison/Air       3
Comestibles
 c - 3 bread rations
 d - a royal jelly
 j - a fruit


   Skills:
 - Level 2.1 Dodging
 - Level 2.0 Stealth
 + Level 3.4 Spellcasting
 + Level 6.7 Conjurations


You had 2 spell levels left.
You knew the following spells:

 Your Spells              Type           Power        Failure   Level  Hunger
a - Magic Dart            Conj           ###.         1%          1    None
b - Searing Ray           Conj           ###...       1%          2    ##.....
c - Fulminant Prism       Conj/Hex       ##........   41%         4    ####...


Dungeon Overview and Level Annotations

Branches:
Dungeon (3/15)

Altars:

Annotations:
D:3 Grinder, Robin


Innate Abilities, Weirdness & Mutations

You have a beak for a mouth.
You have claws for feet.
You are agile. (Dex +2)
Your flesh is cold resistant. (rC+)


Message History

Okay, then.
Casting: Fulminant Prism
Confirm with . or Enter, or press ? or * to list all spells.
Aiming: Searing Ray
Press: ? - help, Shift-Dir - straight line, f - Grinder
Aim: Grinder The searing ray misses Grinder. (Press . to maintain the ray.) Grinder hits you.
You writhe in agony.
The searing ray hits Grinder.
Grinder is lightly wounded.
Grinder barely misses you.
The searing ray hits Grinder.
Grinder is moderately wounded.
Grinder hits you!
* * * LOW HITPOINT WARNING * * *
The searing ray hits Grinder.
Grinder is heavily wounded.
You finish channeling your searing ray.
Grinder hits you!
You die...

#.. .# #. #.......###
##. #.#........# ##.#.
#.##.... #o## ##....
##.....)#####.###..##.
..............#.#.##.
#.##.#.........##.##.
#.##5#........###....
#...@#........##.....
#
#.##.#[...go5.##.###.
#.##.....)....<.....#
#.
#.......###########.#
#. ####.##########
#..... #.# #.....#
##.... #.####.###O#
##..# #....รท<..#.#
#.. ######.#.#.# ...


You could see Grinder.

Vanquished Creatures
  3 adders
  An ooze (D:3)
  2 worms (D:2)
  2 dart slugs (D:1)
  2 leopard geckos
  An orc (D:3)
  3 giant cockroaches
  11 goblins
  4 hobgoblins
  6 jackals
  A quokka (D:2)
  A ball python (D:1)
  3 bats
  2 frilled lizards
  6 kobolds
  7 rats
55 creatures vanquished.

Vanquished Creatures (others)
  A goblin (D:1)
1 creature vanquished.

Grand Total: 56 creatures vanquished

Notes
Turn   | Place    | Note
-------+----------+-------------------------------------------
     0 | D:1      | ANON1729 the Tengu Conjurer began the quest for the Orb.
     0 | D:1      | Reached XP level 1. HP: 10/10 MP: 4/4
   203 | D:1      | Reached XP level 2. HP: 15/15 MP: 6/6
   287 | D:1      | Learned a level 2 spell: Searing Ray
   722 | D:1      | Reached XP level 3. HP: 19/19 MP: 5/8
   955 | D:2      | Reached skill level 6 in Conjurations
  1400 | D:2      | Reached XP level 4. HP: 19/24 MP: 5/9
  2104 | D:3      | Noticed Robin
  2270 | D:2      | Learned a level 4 spell: Fulminant Prism
  2276 | D:3      | Noticed a two-headed ogre
  2318 | D:3      | Noticed Grinder
  2392 | D:3      | Paralysed by Grinder for 5 turns
  2397 | D:3      | Gained mutation: Your flesh is cold resistant. (rC+) [potion of mutation]
  2397 | D:3      | Gained mutation: You are agile. (Dex +2) [potion of mutation]
  2417 | D:3      | Paralysed by Grinder for 3 turns
  2789 | D:3      | Slain by Grinder

Skill      XL: |  1  2  3 |
---------------+----------+-----
Conjurations   | 6 |  6.7
Spellcasting   | 3 |  3.4
Dodging        | |  2.1
Stealth        | |  2.0

Action                   |  1- 3 |  4- 6 || total
-------------------------+-------+-------++-------
Melee: Unarmed           |    26 |     3 ||    29
       Kick              |     5 |     1 ||     6
       Peck              |     2 |       ||     2
 Cast: Magic Dart        |    62 |    22 ||    84
       Searing Ray       |     2 |     6 ||     8
  Use: Potion            |       |     3 ||     3
       Scroll            |       |     2 ||     2
  Eat: Chunk             |     2 |     3 ||     5
Armor: Robe              |     5 |     2 ||     7
Dodge: Dodged            |    34 |    10 ||    44
